 Dungeon Crawl Stone Soup version 0.31-a0-1074-g0b22e4e0f1 (webtiles) character file.

Game seed: 8925991160336782293

32 avis the Changeling (level 2, -1/23 HPs)
             Began as a Demigod Shapeshifter on Dec 6, 2023.
             Frozen to death by an endoplasm (5 damage)
             ... on level 1 of the Dungeon.
             The game lasted 00:03:53 (828 turns).

avis the Changeling (Demigod Shapeshifter)           Turns: 828, Time: 00:03:53

Health: -1/23      AC:  2    Str: 15    XL:     2   Next: 96%
Magic:  4/4        EV: 12    Int: 12    God:
Gold:   78         SH:  0    Dex: 13    Spells: 1/1 levels left

rFire   . .          .
                       - Unarmed
rCold   . . .        (no shield)
rNeg    . . .        a - +0 animal skin
rPois   .            (helmet currently unavailable)
rElec   .            (cloak currently unavailable)
rCorr   .            (gloves currently unavailable)
SInv    .            (boots currently unavailable)
Will    .....        (no amulet)
Stlth   +            (no ring)
HPRegen 0.23/turn    (no ring)
MPRegen 0.09/turn

%: no passive effects
@: beast-form
A: beast (slay +1), high MP 1, forlorn, divine attributes
a: Begin Untransformation


You were on level 1 of the Dungeon.
You were a hulking beast.
You visited 1 branch of the dungeon, and saw 2 of its levels.

You collected 78 gold pieces.

Inventory:

Hand Weapons
 j - a +0 sling
Missiles
 h - 2 throwing nets
Armour
 a - a +0 animal skin (worn)
Talismans
 c - a beast talisman
 d - a flux talisman
Scrolls
 f - a scroll of noise {unknown}
 g - 2 scrolls of identify {unknown}
 i - a scroll of vulnerability {unknown}
Potions
 b - a potion of lignification
 e - a potion of degeneration {unknown}


   Skills:
 - Level 1.0 Fighting
 - Level 2.0 Dodging
 - Level 3.0 Unarmed Combat
 * Level 3.4 Shapeshifting


You had one spell level left.
You didn't know any spells.
Your spell library contained the following spells:

 Spells                   Type           Power      Damage    Failure   Level
 Lesser Beckoning         Tloc           0%         N/A       45%         2
 Gell's Gravitas          Tloc           0%         N/A       69%         3
 Teleport Other           Tloc           0%         N/A       69%         3


Dungeon Overview and Level Annotations

Branches:
Dungeon (2/15)

Annotations:
D:2 Robin


Innate Abilities, Weirdness & Mutations

You are a hulking beast.
Your limbs bulge with bestial killing power. (Slay +1)
You have an increased reservoir of magic. (+10% MP)
You shall have no god before yourself.
Your divine heritage dramatically boosts your attributes as you level up.


Message History

Things that are here:
a +0 dagger; a +0 club; a goblin corpse
There is a stone staircase leading down, spattered with blood here.
You see here a +0 club.
Things that are here:
a +0 club; a +0 club; a goblin corpse
There is a stone staircase leading down, spattered with blood here.
You see here a +0 club.
You start resting.
HP restored.
You climb downwards.
Level annotation: Robin The hobgoblin hits you. x2; The goblin hits you with a +0 club.
The hobgoblin barely misses you. The goblin hits you with a +0 club.
The hobgoblin closely misses you.
Robin roars a battlecry!
The goblins go into a battle-frenzy!
You hear a shout!
There is a stone staircase leading up, spattered with blood here.
The hobgoblin misses you. The goblin hits you with a +0 club.
The hobgoblin hits you.
* * * LOW HITPOINT WARNING * * *
The endoplasm hits you.
* * * LOW HITPOINT WARNING * * *
You climb upwards.
There is a stone staircase leading down, spattered with blood here.
You see here a +0 club.
You hit the goblin.
You kill the goblin!
The endoplasm misses you. The hobgoblin hits you.
* * * LOW HITPOINT WARNING * * *
The hobgoblin barely misses you.
Items here: ))) ††.
The endoplasm attacks as it pursues you!
The endoplasm hits you but does no damage.
You hit the endoplasm but do no damage. The endoplasm misses you.
You completely miss the endoplasm. The endoplasm freezes you.
You are frozen.
You die...

......##.....######.#...#.###....
......###.#..## #.#............
####### #.....# #.#...#.#####..
#.#.#.# #.#...#(# ##. # #.#.#.#
#.#...#.# ## # #...#.# #.......#
###### #>#.#.#######...#######
##...####.#.#.##.......#......#
##............##h#######.####.###
.....###########J#######.##......
###### ####g##.........#.##. #
#...g)..####.####.##. # #.##.####
#.####.... #.##.#######......##.
#.##.......######.##.
#.#####>......##..... #.#
#.......###.)..


You could see an endoplasm and 2 hobgoblins.

Vanquished Creatures
  3 endoplasms (D:1)
  A giant cockroach (D:1)
  7 goblins (D:1)
  A hobgoblin (D:1)
  7 jackals (D:1)
  A quokka (D:1)
  2 ball pythons (D:1)
  2 frilled lizards (D:1)
  3 kobolds (D:1)
27 creatures vanquished.

Notes
Turn   | Place    | Note
-------+----------+-------------------------------------------
     0 | D:1      | avis the Demigod Shapeshifter began the quest for the Orb.
     0 | D:1      | Reached XP level 1. HP: 15/15 MP: 3/3
    25 | D:1      | Reached skill level 1 in Fighting
   115 | D:1      | Reached XP level 2. HP: 11/23 MP: 4/4
   719 | D:2      | Noticed Robin
   828 | D:1      | Frozen to death by an endoplasm

Illustrated notes

Levels and vault maps discovered:
D:1:      roderic_crop_circles_arrival_small, layout_loops_cross
D:2:      layout_basic, uniq_robin

Skill      XL: |  1  2 |
---------------+-------+-----
Fighting       | 1 |  1.0
Unarmed Combat | 3 |  3.0
Dodging        | 2 |  2.0
Shapeshifting  | 3 |  3.4

Action                     || total
---------------------------++-------
  Melee: Unarmed           ||    84
         Punch             ||     2
   Stab: Sleeping          ||     1
 Armour: Animal skin       ||    51
  Dodge: Dodged            ||    47

Table legend: (Time is in decaauts)
 A = Elapsed time spent in this place.
 B = Non-inter-level travel time spent in this place.
 C = Inter-level travel time spent in this place.
 D = Time resting spent in this place.
 E = Time spent auto-exploring this place.
 F = Levels seen in this place.
 G = Mean time per level.
                   A        B        C        D        E       F      G
               +--------+--------+--------+--------+--------+-----+--------+
         Total |    825 |    798 |     27 |    122 |    448 |   2 |  412.5 |
       Dungeon |    825 |    798 |     27 |    122 |    448 |   2 |  412.5 |
               +--------+--------+--------+--------+--------+-----+--------+

Top non-repeatable levels by time:
     D:1: 817 daAuts
     D:2: 7 daAuts
